 Dungeon Crawl Stone Soup version 0.21.1-1-g345015f (webtiles) character file.

2292 Fang the Basher (level 9, 0/84 HPs)
             Began as a Gargoyle Berserker on May 7, 2018.
             Was a High Priest of Trog.
             Slain by a necrophage (1 damage)
             ... on level 7 of the Dungeon.
             The game lasted 00:07:01 (5732 turns).

Fang the Basher (Gargoyle Berserker)                Turns: 5732, Time: 00:07:01

Health: 0/84       AC: 11    Str: 29    XL:     9   Next: 40%
Magic:  9/9        EV: 13    Int: 16    God:    Trog [*****.]
Gold:   357        SH:  0    Dex:  9    Spells: 8/8 levels left

rFire    . . .     SeeInvis .   e - +2 whip (elec)
rCold    . . .     Gourm    .   (no shield)
rNeg     + . .     Faith    .   b - +0 animal skin
rPois    ∞         Spirit   .   (no helmet)
rElec    +         Reflect  .   (no cloak)
rCorr    .         Harm     .   (no gloves)
MR       .....                  r - +2 pair of boots
Stlth    ..........             (no amulet)
HPRegen  0.24/turn              o - +3 ring of intelligence
MPRegen  0.11/turn              t - +5 ring of intelligence

@: berserking, very quick
A: negative energy resistance 1, electricity resistance, unbreathing,
petrification resistance, rot immunity, AC +6
a: Berserk, Trog's Hand, Brothers in Arms, Burn Spellbooks, Renounce Religion


You were on level 7 of the Dungeon.
You worshipped Trog.
Trog was extremely pleased with you.
You were not hungry.

You visited 1 branch of the dungeon, and saw 7 of its levels.

You collected 357 gold pieces.

Inventory:

Hand Weapons
 a - a +0 hand axe
 e - a +2 whip of electrocution (weapon)
Armour
 b - a +0 animal skin (worn)
 r - a +2 pair of boots (worn)
Jewellery
 o - a +3 ring of intelligence (left hand)
 t - a +5 ring of intelligence (right hand)
Wands
 d - a wand of disintegration (19)
Scrolls
 f - 2 scrolls of teleportation
 g - 3 scrolls of remove curse
 l - a scroll of magic mapping
 m - 2 scrolls of fear
Potions
 h - 4 potions of might
 i - a potion of curing {unknown}
 j - 2 potions of cancellation {unknown}
 k - a potion of invisibility {unknown}
 n - 3 potions of mutation {unknown}
 p - 3 potions of heal wounds
 q - a potion of haste {unknown}
 s - 2 potions of flight
Comestibles
 c - 7 rations


   Skills:
 + Level 6.8 Fighting
 + Level 3.3(5.8) Axes
 + Level 8.2(8.6) Maces & Flails
 + Level 2.4 Armour
 + Level 4.8 Dodging
 + Level 4.4 Stealth


You had 8 spell levels left.
You didn't know any spells.

Dungeon Overview and Level Annotations

Branches:
Dungeon (7/15)             Temple (0/1) D:5

Altars:
Cheibriados
Dithmenos
Elyvilon
Gozag
Kikubaaqudgha
Qazlal
Uskayaw

Shops:
D:6 !


Innate Abilities, Weirdness & Mutations

You are resistant to torment.
Your stone body is resilient. (AC +6)
You are immune to poison.
You resist negative energy. (rN+)
You are resistant to electric shocks. (rElec)
You can survive without breathing.
You are immune to petrification.
You are immune to rotting.


Message History

You see here a killer bee corpse.
Unknown command.
You whack the gargoyle!
The gargoyle is heavily damaged.
The killer bee closely misses you. The killer bee barely misses you.
The necrophage barely misses you. The gargoyle hits you with a flail.
* * * LOW HITPOINT WARNING * * *
The bullfrog completely misses you.
Unknown command.
You hit the gargoyle but do no damage.
The gargoyle is heavily damaged.
The killer bee barely misses you.
The killer bee stings you but does no damage.
The bullfrog closely misses you.
Unknown command.
You hit the gargoyle.
The gargoyle is severely damaged.
The killer bee stings you but does no damage.
The necrophage hits you.
You die...

#.# #.# # #.#
.......##.......
#.# # #.#
......♣..♣......
#.# # #.#
................
#.# #(#
................
#.# #.#
................
#.# #?#
#.......s......#
#.# ..#
#.....9n.....#
#.# ..#
#....@Fl...#
#.##### ..#
##...yy$..##
#...... ..#
####''####
####### ###
#...# ##.###
#############..#
..............##
######.#######
#.#


You could see a gargoyle, a necrophage, a bullfrog, an iguana, 2 killer bees and
a giant cockroach.

Vanquished Creatures
  The ghost of Fang the Chopper, a novice GrBe of Trog (D:5)
  A spriggan (D:7)
  Duvessa (D:4)
  An ice beast (D:7)
  5 centaurs
  2 ogres (D:7)
  A bullfrog (D:7)
  Dowan (D:4)
  A scorpion (D:6)
  4 killer bees (D:7)
  3 howler monkeys
  An orc priest (D:5)
  A centaur skeleton (D:7)
  5 orc wizards
  2 iguanas
  3 worker ants
  A hound zombie (D:6)
  2 hound skeletons
  12 gnolls
  3 adders
  2 oozes (D:1)
  An adder skeleton (D:6)
  7 worms
  4 dart slugs
  3 leopard geckos
  16 orcs
  7 bats
  3 giant cockroaches
  10 goblins
  7 hobgoblins
  13 jackals
  7 quokkas
  6 frilled lizards
  6 kobolds
  A leopard gecko skeleton (D:6)
  A leopard gecko zombie (D:5)
  A quokka skeleton (D:7)
  A quokka zombie (D:6)
  8 rats
155 creatures vanquished.

Notes
Turn   | Place    | Note
-------+----------+-------------------------------------------
     0 | D:1      | Fang the Gargoyle Berserker began the quest for the Orb.
     0 | D:1      | Reached XP level 1. HP: 14/14 MP: 1/1
    50 | D:1      | Reached XP level 2. HP: 19/19 MP: 2/2
   403 | D:1      | Reached XP level 3. HP: 21/24 MP: 3/3
   968 | D:2      | Reached ** piety under Trog
  1309 | D:2      | Reached XP level 4. HP: 27/29 MP: 4/4
  1311 | D:2      | Found a stormy altar of Qazlal.
  1340 | D:2      | Reached skill level 1 in Maces & Flails
  2029 | D:2      | Reached XP level 5. HP: 33/33 MP: 5/5
  2239 | D:3      | Reached skill level 2 in Maces & Flails
  2381 | D:3      | Reached *** piety under Trog
  2681 | D:4      | Reached skill level 1 in Stealth
  3045 | D:4      | Noticed Duvessa
  3048 | D:4      | Noticed Dowan
  3058 | D:4      | Killed Duvessa
  3058 | D:4      | Reached skill level 3 in Maces & Flails
  3058 | D:4      | Reached XP level 6. HP: 39/39 MP: 6/6
  3059 | D:4      | Killed Dowan
  3193 | D:4      | Found a shadowy altar of Dithmenos.
  3327 | D:4      | Found a white marble altar of Elyvilon.
  3327 | D:4      | Found a snail-covered altar of Cheibriados.
  3332 | D:4      | Found an opulent altar of Gozag.
  3334 | D:4      | Found a hide-covered altar of Uskayaw.
  3336 | D:4      | Found an ancient bone altar of Kikubaaqudgha.
  3380 | D:5      | Entered Level 5 of the Dungeon
  3402 | D:5      | Reached skill level 4 in Maces & Flails
  3402 | D:5      | Reached XP level 7. HP: 32/44 MP: 7/7
  3453 | D:5      | Found a staircase to the Ecumenical Temple.
  3589 | D:5      | Reached skill level 5 in Fighting
  3794 | D:5      | Reached skill level 5 in Maces & Flails
  3826 | D:5      | Noticed Fang's ghost (novice GrBe)
  3847 | D:5      | Killed Fang's ghost
  3847 | D:5      | Reached **** piety under Trog
  3847 | D:5      | Reached XP level 8. HP: 34/50 MP: 8/8
  4145 | D:5      | Reached skill level 6 in Maces & Flails
  4258 | D:6      | Found Wywkukke's Distillery.
  4642 | D:7      | Reached skill level 7 in Maces & Flails
  4757 | D:7      | Noticed a spriggan baker
  4767 | D:7      | Killed a spriggan baker
  4767 | D:7      | Reached XP level 9. HP: 30/56 MP: 9/9
  5704 | D:7      | Noticed a gargoyle
  5704 | D:7      | Reached skill level 8 in Maces & Flails
  5728 | D:7      | Reached ***** piety under Trog
  5728 | D:7      | HP: 4/84 [killer bee (3)]
  5730 | D:7      | HP: 1/84 [gargoyle/flail (3)]
  5732 | D:7      | Slain by a necrophage

Skill      XL: |  1  2  3  4  5  6  7  8  9 |
---------------+----------------------------+-----
Axes           | 3 |  3.3
Dodging        | 2 3 4 |  4.8
Fighting       | 4 5 6 |  6.8
Maces & Flails | 1 3 4 5 7 8 |  8.2
Stealth        | 1 2 3 4 |  4.4
Armour         | |  2.4

Action                   |  1- 3 |  4- 6 |  7- 9 || total
-------------------------+-------+-------+-------++-------
Melee: Hand axe          |     7 |       |       ||     7
       Whip              |   124 |   191 |   249 ||   564
Invok: Berserk           |     1 |     2 |     3 ||     6
  Use: Scroll            |       |    11 |     3 ||    14
 Stab: Sleeping          |     2 |     1 |     4 ||     7
  Eat: Chunk             |     2 |     6 |     2 ||    10
       Ration            |       |     1 |     2 ||     3
Armor: Animal skin       |    64 |    62 |   109 ||   235
Dodge: Dodged            |   114 |    69 |   195 ||   378
